 Dungeon Crawl Stone Soup version bcrawl-1.27.6 (webtiles) character file.

Game seed: 14275660932465871177

481576 Faustar the Destroyer (level 12, -3/75 HPs)
             Began as a Fairy Conjurer on Sept 25, 2020.
             Was a High Priest of Vehumet.
             Hit by a large rock thrown by a stone giant (32 damage)
             ... in a volcano.
             The game lasted 00:35:17 (8829 turns).

Faustar the Destroyer (Fairy Conjurer)              Turns: 8829, Time: 00:35:18

Health: -3/75      AC: 10    Str:  6    XL:     12   Next: 11%
Magic:  22/31      EV: 21    Int: 23    God:    Vehumet [*****.]
Gold:   576        SH:  7    Dex: 14    Spells: 22/37 levels left

rFire    . . .     SeeInvis +   J - +2 mace (protect)
rCold    + . .     Gourm    .   (shield restricted)
rNeg     . . .     Faith    +   (armour unavailable)
rPois    .         Spirit   .   K - +2 hat
rElec    .         Reflect  .   (no cloak)
rCorr    .         Harm     .   (no gloves)
MR       +....                  z - +0 pair of boots
Stlth    +.........             g - amulet of faith
HPRegen  0.22/turn              E - ring of protection from cold
MPRegen  0.22/turn              t - ring of see invisible

@: flying evasively
A: small, magic attunement, unstealthy, unfitting armour, able to fly, AC/SH +7
a: Stop Flying, Renounce Religion


You were in a volcano.
You worshipped Vehumet.
Vehumet was extremely pleased with you.
You were very hungry.

You visited 3 branches of the dungeon, and saw 12 of its levels.
You also visited: Volcano.

You collected 576 gold pieces.

Inventory:

Hand Weapons
 s - a +0 hand axe
 J - a +2 mace of protection (weapon)
Armour
 z - a +0 pair of boots (worn)
 K - a +2 hat (worn)
Jewellery
 d - an uncursed ring of wizardry
 g - an amulet of faith (around neck)
 t - a ring of see invisible (right hand)
 u - a +6 ring of strength
 A - an uncursed amulet of the acrobat
 E - a ring of protection from cold (left hand)
Wands
 i - a wand of acid (7)
 v - a wand of polymorph (18)
 y - a wand of iceblast (7)
 B - a wand of clouds (6)
 G - a wand of scattershot (5)
 I - a wand of paralysis (13)
Scrolls
 a - a scroll of identify
 f - 10 scrolls of remove curse
 k - 3 scrolls of enchant armour {unknown}
 m - 4 scrolls of enchant weapon
 n - a scroll of teleportation
 o - 6 scrolls of amnesia {unknown}
 q - a scroll of noise {unknown}
 D - a scroll of fog
 F - a scroll of brand weapon
Potions
 b - a potion of magic
 c - 4 potions of curing
 h - 2 potions of ambrosia
 j - 2 potions of lignification
 l - 4 potions of berserk rage
 p - 2 potions of agility
 r - a potion of brilliance {unknown}
 w - 2 potions of cancellation
 x - a potion of heal wounds
 C - a potion of degeneration
 H - 2 potions of flight
Comestibles
 e - 20 rations {!d}


   Skills:
 * Level 4.5 Fighting
 * Level 7.3 Dodging
 - Level 1.5 Stealth
 - Level 13.0 Spellcasting
 - Level 13.5 Conjurations
 - Level 7.0 Hexes
 - Level 6.0 Fire Magic


You had 22 spell levels left.
You knew the following spells:

 Your Spells              Type           Power        Failure   Level  Hunger
a - Magic Dart            Conj           ####         0%          1    None
b - Searing Ray           Conj           ######..     1%          2    None
c - Fulminant Prism       Conj/Hex       ######....   1%          4    None
d - Inner Flame           Hex/Fire       N/A          1%          3    None
e - Iskenderun's Battles  Conj/Chrm      #####...     1%          5    None

Your spell library contained the following spells:

 Spells                   Type           Power        Failure   Level  Hunger
 Sandblast                Erth           ##....       1%          1    None
 Slow                     Hex            #####...     1%          1    None
 Iskenderun's Mystic Bla  Conj           ######..     1%          3    None
 Irradiate                Conj/Tmut      #####.....   1%          5    None
 Apportation              Tloc           ##....       4%          1    None
 Infusion                 Chrm           ##......     4%          1    None
 Summon Butterflies       Summ           ##......     4%          1    None


Dungeon Overview and Level Annotations

Branches:
Dungeon (10/12)            Temple (1/1) D:5            Lair (1/6) D:8
    Orc (0/1) D:8

Altars:
Ashenzari
Cheibriados
Dithmenos
Elyvilon
Fedhas
Gozag
Hepliaklqana
Kikubaaqudgha
Lugonu
Makhleb
Nemelex Xobeh
Okawaru
Qazlal
Ru
Sif Muna
Trog
Uskayaw
Vehumet
Wu Jian
Xom
Yredelemnul
Zin
The Shining One

Shops:
D:7 (   D:9 [

Annotations:
D:5 3 runed translucent doors, Winsalot's ghost, novice OnNe; yrara's ghost, novice DsFi
D:7 2 runed doors


Innate Abilities, Weirdness & Mutations

Your spells do not cause hunger and MP costs are reduced by 1.
Your bright wings attract enemies. (Stealth-)
You cannot fit into any form of body armour.
Your shimmering scales are hard and can block incoming attacks. (AC +7, SH +7)
You are small and have problems with some larger weapons.
You can fly continuously.


Message History

Casting: Magic Dart (safe; 0% risk of failure)
Confirm with . or Enter, or press ? or * to list all spells.
You don't know that spell.
Unknown command.
Casting: Magic Dart (safe; 0% risk of failure)
Confirm with . or Enter, or press ? or * to list all spells.
Okay, then.
Unknown command.
Casting: Magic Dart (safe; 0% risk of failure)
Confirm with . or Enter, or press ? or * to list all spells.
Aiming: Magic Dart (safe; 0% risk of failure)
Press: ? - help, Shift-Dir - straight line, f - stone giant
Aim: a stone giant, quivering 71 large rocks (moderately wounded)
The magic dart hits the stone giant but does no damage.
The stone giant is moderately wounded.
Your battlesphere fires!
The barrage of energy hits the stone giant.
The stone giant is moderately wounded.
The stone giant throws a large rock.
The large rock hits you!!
You die...

§≈≈≈≈ §)$≈ (.. !. #.
######## #.## ###..#...###
#####.#######
#......#...###...)........
##§§..∩#####.@.....≈§≈≈≈≈≈○
#§≈..≈≈# ###....§≈§≈≈§≈≈°
#§§§§≈## #....≈≈§§§§≈§○≈○
##§§≈## ##....≈≈≈≈§≈≈°○○
#§☼## #...*§*§§§≈≈§§≈° ##☼#
#.....≈§≈≈§≈§≈○≈ ###
####...C≈≈§≈≈≈≈. ###
##.#.....§§§
##≈§##.###..###.


You could see a stone giant, a friendly fulminant prism and a friendly
battlesphere.

Vanquished Creatures
  A hell beast (D:8)
  Erica (D:9)
  A two-headed ogre (D:9)
  A death yak (D:8)
  An ugly thing (D:8)
  A lindwurm (Lair:1)
  A centaur zombie (D:9)
  An orange demon (D:8)
  A centaur skeleton (D:9)
  An efreet (Volcano)
  4 trolls
  A red devil (D:8)
  A hornet (D:9)
  3 hippogriffs
  Sigmund (D:5)
  8 spriggans (D:8)
  4 yaks (D:8)
  4 hogs (D:7)
  A human (D:7)
  A fire elemental (Volcano)
  Grum (D:8)
  A crocodile (D:7)
  A porcupine (Lair:1)
  2 sky beasts
  3 orc warriors
  3 black bears (D:9)
  2 phantoms
  4 wolves (D:8)
  2 ice beasts
  4 ogres
  5 centaurs
  A big kobold (D:9)
  6 bullfrogs
  2 earth elementals (Volcano)
  A water moccasin skeleton (D:4)
  A scorpion (D:7)
  2 jellies
  3 howler monkeys
  6 crimson imps
  A bullfrog zombie (D:9)
  3 hounds
  3 bullfrog skeletons
  4 orc priests
  4 orc wizards
  6 iron imps (D:8)
  Ijyb (D:5)
  2 iguanas
  Natasha (thrice) (D:4)
  6 worker ants
  A killer bee zombie (D:7)
  A hound zombie (D:7)
  A hound skeleton (D:2)
  A howler monkey zombie (D:5)
  A howler monkey skeleton (D:7)
  11 adders
  2 shadow imps
  An ooze (D:5)
  2 adder skeletons
  3 adder zombies
  2 dart slugs
  A worm (D:2)
  10 leopard geckos
  29 orcs
  4 ball pythons
  11 bats
  A giant cockroach (D:2)
  6 goblins
  5 hobgoblins
  15 jackals
  5 quokkas
  5 frilled lizards
  19 kobolds
  A quokka skeleton (D:4)
  A quokka zombie (D:5)
  6 rats
266 creatures vanquished.

Vanquished Creatures (others)
  81 fulminant prisms
81 creatures vanquished.

Grand Total: 347 creatures vanquished

Notes
Turn   | Place    | Note
-------+----------+-------------------------------------------
     0 | D:1      | Faustar the Fairy Conjurer began the quest for the Orb.
     0 | D:1      | Reached XP level 1. HP: 11/11 MP: 6/6
    73 | D:1      | Reached skill level 5 in Conjurations
   152 | D:1      | Reached XP level 2. HP: 17/17 MP: 8/8
   248 | D:1      | Reached XP level 3. HP: 21/21 MP: 10/10
   715 | D:2      | Reached XP level 4. HP: 27/27 MP: 12/12
   781 | D:2      | Learned a level 2 spell: Searing Ray
  1063 | D:2      | Found a shadowy altar of Dithmenos.
  1933 | D:3      | Noticed an ogre
  1945 | D:3      | Killed an ogre
  1945 | D:3      | Reached skill level 5 in Spellcasting
  1945 | D:3      | Reached XP level 5. HP: 31/31 MP: 9/14
  2090 | D:3      | Found a corrupted altar of Lugonu.
  2586 | D:4      | Reached XP level 6. HP: 36/36 MP: 12/16
  2628 | D:4      | Noticed Natasha
  2638 | D:4      | Killed Natasha
  2644 | D:4      | Learned a level 4 spell: Fulminant Prism
  2726 | D:4      | Noticed Natasha
  2731 | D:4      | Killed Natasha
  2731 | D:4      | Reached skill level 1 in Hexes
  2859 | D:4      | Noticed Natasha
  2863 | D:4      | Killed Natasha
  3114 | D:4      | Reached XP level 7. HP: 25/41 MP: 14/17
  3375 | D:5      | Entered Level 5 of the Dungeon
  3375 | D:5      | Noticed Sigmund
  3378 | D:5      | Killed Sigmund
  3400 | D:5      | Reached skill level 5 in Hexes
  3404 | D:5      | Noticed Ijyb
  3429 | D:5      | Killed Ijyb
  3616 | D:5      | Reached XP level 8. HP: 45/46 MP: 16/18
  3776 | D:5      | Found a staircase to the Ecumenical Temple.
  3978 | Temple   | Entered the Ecumenical Temple
  4070 | Temple   | Became a worshipper of Vehumet
  4207 | D:5      | Found a runed translucent gate.
  4208 | D:5      | Found a runed translucent gate.
  4209 | D:5      | Found a runed translucent gate.
  4209 | D:5      | Noticed Winsalot's ghost (novice OnNe)
  4209 | D:5      | Noticed yrara's ghost (novice DsFi)
  5154 | D:7      | Reached XP level 9. HP: 41/51 MP: 16/22
  5154 | D:7      | Reached * piety under Vehumet
  5154 | D:7      | Offered knowledge of Sting by Vehumet.
  5280 | D:7      | Found Asat's Antique Weapon Shoppe.
  5364 | D:7      | Noticed a troll
  5368 | D:7      | Killed a troll
  5384 | D:7      | Reached skill level 10 in Conjurations
  5729 | D:7      | Reached skill level 10 in Spellcasting
  5767 | D:7      | Offered knowledge of Shock by Vehumet.
  5767 | D:7      | Reached XP level 10. HP: 55/56 MP: 23/26
  5905 | D:7      | Found a runed door.
  5917 | D:7      | Found a runed door.
  5967 | D:7      | Reached ** piety under Vehumet
  6038 | D:8      | Noticed a hell beast
  6046 | D:8      | Noticed an orange demon
  6060 | D:8      | Killed an orange demon
  6073 | D:8      | Killed a hell beast
  6078 | D:8      | Found a corrupted altar of Lugonu.
  6413 | D:8      | Offered knowledge of Inner Flame by Vehumet.
  6418 | D:8      | Learned a level 3 spell: Inner Flame
  6493 | D:8      | Noticed a brown ugly thing
  6512 | D:8      | Killed a brown ugly thing
  6512 | D:8      | Reached XP level 11. HP: 35/61 MP: 24/29
  6515 | D:8      | Reached *** piety under Vehumet
  6926 | D:8      | Noticed a death yak
  6961 | D:8      | Killed a death yak
  7040 | D:8      | Noticed a death yak
  7040 | D:8      | Noticed a death yak
  7077 | D:8      | Reached skill level 1 in Fire Magic
  7113 | D:8      | Noticed Grum
  7119 | D:8      | Offered knowledge of Stone Arrow by Vehumet.
  7126 | D:8      | Killed Grum
  7253 | D:8      | Found a staircase to the Orcish Mines.
  7312 | D:8      | Found a staircase to the Lair.
  7598 | D:9      | Reached **** piety under Vehumet
  7607 | D:9      | Reached skill level 5 in Fire Magic
  7714 | D:9      | Offered knowledge of Venom Bolt by Vehumet.
  7905 | D:9      | Reached skill level 1 in Fighting
  7979 | D:9      | Noticed Erica
  7985 | D:9      | Killed Erica
  8052 | D:9      | Noticed a two-headed ogre
  8056 | D:9      | Killed a two-headed ogre
  8056 | D:9      | Reached skill level 5 in Dodging
  8214 | D:9      | Found Bethi's Armour Emporium.
  8275 | D:9      | Reached ***** piety under Vehumet
  8480 | D:10     | Entered Level 10 of the Dungeon
  8551 | Lair:1   | Entered Level 1 of the Lair of Beasts
  8557 | Lair:1   | Reached XP level 12. HP: 74/74 MP: 31/31
  8573 | Lair:1   | Offered knowledge of Iskenderun's Battlesphere by Vehumet.
  8580 | Lair:1   | Learned a level 5 spell: Iskenderun's Battlesphere
  8621 | Lair:1   | Found a dark tunnel.
  8689 | Volcano  | Entered a volcano
  8823 | Volcano  | Noticed a stone giant
  8829 | Volcano  | Hit by a large rock thrown by a stone giant

Skill      XL: |  1  2  3  4  5  6  7  8  9 10 11 12 |
---------------+-------------------------------------+-----
Spellcasting   | 3 4 5 7 10 12 13 | 13.0
Conjurations   | 5 6 7 8 11 13 | 13.5
Hexes          | 3 6 7 |  7.0
Fire Magic     | 6 |  6.0
Dodging        | 6 7 |  7.3
Fighting       | 3 4 |  4.5
Stealth        | |  1.5

Action                   |  1- 3 |  4- 6 |  7- 9 | 10-12 || total
-------------------------+-------+-------+-------+-------++-------
Melee: Unarmed           |    34 |   113 |       |       ||   147
       Hand axe          |       |    11 |    27 |     4 ||    42
 Cast: Magic Dart        |    75 |    36 |    91 |    46 ||   248
       Searing Ray       |       |    21 |    30 |    51 ||   102
       Fulminant Prism   |       |       |    20 |    62 ||    82
       Inner Flame       |       |       |       |     5 ||     5
       Iskenderun's Batt |       |       |       |     5 ||     5
Evoke: Wand              |       |       |     1 |       ||     1
  Use: Scroll            |       |       |     9 |     7 ||    16
  Eat: Chunk             |       |    12 |    11 |    11 ||    34
Armor: Skin              |    14 |    25 |    18 |    21 ||    78
Dodge: Dodged            |    49 |    93 |    62 |    89 ||   293
Block: Other             |     8 |    29 |    26 |    32 ||    95
